cohdb
Replays
Latest Replays
All Replays
Popular Replays
Top Player Replays
Match Explorer
How It Works
Community
CoH3 Stats
Reddit
Sign in to upload your games and track your stats! →
Sign in with Steam
Match 43265891
Unlisted
Match 43265891
Overview
Messages
Build Orders
End
Engineer Squad
Construct Barracks
Riflemen Squad
Selects Heavy Weapons
Selects Heavy Weapons
Riflemen Squad
Grenade Package
Riflemen Squad
Mechanized Support Center
Construct Medical Station
Construct Motor Pool
M8 Greyhound Armored Car
Designate Forward Repair Station
M1918 Browning Automatic Rifles
【POW】游骑
Barbarossa
0
0
Comments
sign in to comment!
No comments posted yet!